AoeStats
← El VieJoOo

Socotra

505924554Analyzed
2v2 RM · 19d ago on Sep 11, 2026· 26m 13s· 4 players
Game mode
Random Map
Map size
Tiny (2 player)
Population
200
Speed
Normal
Resources
Standard
Victory
Conquest
Starting age
Dark Age
Ending age
Imperial Age
RankedLock teamsTeams togetherTeam positionsShared explorationLock speedFull tech treeHidden civsTurbo modeCheats
Victory
Defeat
🇲🇽 Poles · Mexico
1232
+15
🇺🇸 Huns · United States
1171
+18
🇦🇷 Goths · Argentina
1214
-17
🇦🇷 Magyars · Argentina
1208
-16
MatoSM
0:26 Loom
9:56 Feudal Age
15:43 Forging
20:02 Castle Age
20:25 Fletching
22:58 Wheelbarrow
23:11 Bodkin Arrow
23:12 Elite Skirmisher
El VieJoOo
7:02 Loom
9:45 Feudal Age
10:18 Double-Bit Axe
10:16 Horse Collar
17:12 Bloodlines
24:40 Castle Age
23:29 Scale Barding Armor
25:24 Husbandry
24:45 Light Cavalry
26:12 Chain Barding Armor
gabriel_11205
6:25 Loom
9:34 Feudal Age
10:15 Double-Bit Axe
10:19 Horse Collar
17:56 Town Watch
20:57 Wheelbarrow
22:54 Castle Age
21:01 Gold Mining
21:35 Scale Barding Armor
21:40 Forging
22:05 Bloodlines
22:49 Forging
23:40 Light Cavalry
24:50 Bow Saw
25:20 Chain Barding Armor
25:27 Town Watch
blizzopop
6:31 Loom
8:57 Feudal Age
11:06 Double-Bit Axe
13:45 Gold Mining
16:04 Fletching
17:42 Padded Archer Armor
25:12 Castle Age
25:06 Horse Collar
25:26 Crossbowman
26:18 Bow Saw
26:05 Bodkin Arrow
Connection lost

Rejoining the realm…

Still unreachable

The connection could not be restored.

Session expired

The server has moved on; the page needs a fresh start.